 Dungeon Crawl Stone Soup version 0.14-a0-1403-g5d3c58f (webtiles) character file.

108 M4edhros the Sneak (level 3, 0/23 HPs)
             Began as an Octopode Artificer on Dec 10, 2013.
             Slain by an orc
             ... wielding a +0,+0 dagger
              (5 damage)
             ... on Level 3 of the Dungeon.
             The game lasted 00:01:08 (701 turns).

M4edhros the Sneak (Octopode Artificer)              Turns: 701, Time: 00:01:08

HP   0/23        AC  1     Str 10      XL: 3   Next: 10%
MP   4/4         EV 12     Int 15      God:
Gold 81          SH  0     Dex 12      Spells:  0 memorised,  2 levels left

rFire  . . .     SeeInvis .     a - +0 short sword
rCold  . . .     Clarity  .     (no shield)
rNeg   + . .     Conserve .     (helmet restricted)
rPois  .         rCorr    .     (no amulet)
rElec  .         rRot     .     j - ring of positive energy {unknown}
SustAb . .       Spirit   .     (no ring)
rMut   .         Warding  .     (no ring)
Saprov . . .     Stasis   .     (no ring)
                                (no ring)
                                (no ring)
                                (no ring)
                                (no ring)

@: not resistant to hostile enchantments, quite stealthy
A: almost no armour, amphibious, 8 rings, constrict 8, camouflage 1, gelatinous
body 1
a: no special abilities


You were on level 3 of the Dungeon.
You were not hungry.

You visited 1 branch of the dungeon, and saw 3 of its levels.

You collected 81 gold pieces.

Inventory:

Hand weapons
 a - a +0,+0 short sword (weapon)
 k - a +0,+0 sling
Magical devices
 b - a wand of flame (10)
 c - a wand of enslavement (14)
 d - a wand of random effects (15)
Comestibles
 f - 2 bread rations
Scrolls
 g - a scroll of remove curse {unknown}
 h - 2 scrolls of identify {unknown}
 l - a scroll of fear {unknown}
 m - a scroll of random uselessness {unknown}
 n - a scroll of enchant weapon II {unknown}
Jewellery
 j - a ring of positive energy (left tentacle) {unknown}
Potions
 e - a potion of blood
 i - a potion of resistance {unknown}


   Skills:
 - Level 1.0 Fighting
 - Level 1.0 Short Blades
 + Level 2.4 Dodging
 * Level 3.6 Stealth
 - Level 3.2 Evocations


You had 2 spell levels left.
You didn't know any spells.

Dungeon Overview and Level Annotations

Branches:
Dungeon (3/16)

Altars:

Portals:
Ziggurat: D:3 (6130 gp)


Innate Abilities, Weirdness & Mutations

You cannot wear most types of armour.
You are amphibious.
You can wear up to eight rings at the same time.
You can use your tentacles to constrict many enemies at once.
Your skin changes colour to match your surroundings (Stlth).
Your rubbery body absorbs attacks (AC +1).


Message History

You start resting.
You start resting.
An orc is nearby!
The orc shouts!
The orc hits you with a dagger.
You barely miss the orc. You grab the orc. You constrict the orc.
The orc hits you with a dagger.
* * * LOW HITPOINT WARNING * * *
The orc hits you but does no damage.
You are too injured to fight recklessly!
You are too injured to fight recklessly!
Evoke which item? (* to show all) (? for menu, Esc to quit)
Zapping:
b - a wand of flame (11)
Press: ? - help, Shift-Dir - straight line, f - orc
Aim: an orc, wielding a dagger and wearing an orcish ring mail (lightly wounded, constricted by you)
The puff of flame hits the orc.
The orc is severely wounded.
This wand has 10 charges left.
You constrict the orc. The orc hits you with a dagger.
You die...

#..............# #.#
#.#.........#..# #.#
..#.#.#.#.#..# #.#
...#.#.#.#..####.#
####.#...#[......###
#...#...........#
#...#########.#
#...#########.#
#......o@.)##.#
#......###.##.#
##..##.# #)##.# #.
... #.##.#
##..##)##.#
#o.##.##.#
#..##.##.#
###..o..##.#
............#


You could see an orc.

Vanquished Creatures
  An inept feature mimic (D:2)
  An ooze (D:3)
  3 orcs (D:3)
  A giant cockroach (D:1)
  A hobgoblin (D:1)
  A ball python (D:2)
  3 bats
  4 kobolds (D:1)
15 creatures vanquished.

Vanquished Creatures (collateral kills)
  An orc (D:3)
1 creature vanquished.

Grand Total: 16 creatures vanquished

Notes
Turn   | Place    | Note
--------------------------------------------------------------
     0 | D:1      | M4edhros, the Octopode Artificer, began the quest for the Orb.
     0 | D:1      | Reached XP level 1. HP: 13/13 MP: 1/1
   293 | D:1      | Reached XP level 2. HP: 15/18 MP: 3/3
   537 | D:3      | Found a gateway to a ziggurat.
   537 | D:3      | Noticed an angel
   620 | D:3      | Reached XP level 3. HP: 11/23 MP: 4/4
   701 | D:3      | Slain by an orc

Action                   || total
-------------------------++-------
Melee: Short sword       ||    39
Evoke: Wand              ||     6
